Cogmind - Beta 15 @@@ ROGUE MODE // 2025.07.01 @ 22:52:17 Player: 7604 Result: Destroyed by Enhanced Grunt with Neutron Cannon Performance ------------- Evolutions (3) 1500 Regions Visited (12) 2400 Robots Destroyed (131) 655 Value Destroyed (5763) 5763 Prototype IDs (220) 4400 Alien Tech Used (0) 0 Bonus (4251) 4251 TOTAL SCORE: 18969 Bonus ------- High Alert Combat Kills 336 Follower Combat Kills 33 Entered Garrisons 400 Met Data Miner 300 Used Data Conduit 3000 Acquired ECA 300 Friendly Fire -118 Cogmind --------- Core Integrity 0/700 Matter 178/300 Energy 100/100 System Corruption 22% Temperature Cool (0) Movement Core (1350) Ox26 Location -7/Data Miner Parts ------- > --- POWER (1) -------- (None) > --- PROPULSION (5) --- (None) > --- UTILITY (5) ------ Huge Storage Unit Improved Signal Interpreter Core Analyzer > --- WEAPON (2) ------- (None) > --- INVENTORY (25) --- Armored Treads Long-range Sensor Array Seismic Detector Seismic Detector Encrypted Comm Array Makeshift ECM Suite Graphene Brace Arc Projector Gatling Laser Cooled Particle Cannon Heavy Assault Cannon Heavy Assault Cannon Advanced Assault Cannon Advanced Assault Cannon Advanced Assault Cannon Gauss Cannon Heavy Rocket Launcher Plasma Cutter Peak State ------------ > --- POWER ------------ Antimatter Reactor > --- PROPULSION ------- Light Treads Heavy Treads Heavy Treads > --- UTILITY ---------- Advanced Heat Sink Huge Storage Unit Advanced Terrain Scan Processor Hardened Medium Armor Plating Force Field > --- WEAPON ----------- Gatling Laser Gatling Laser > --- INVENTORY -------- Improved Deuterium Engine Light Treads Medium Treads Cooled Aerolev Unit Long-range Sensor Array Improved Terrain Scanner Improved Terrain Scanner Seismic Detector Seismic Detector Hardened Medium Armor Plating Hardened Medium Armor Plating Damper Plating Lightning Gun Subdweller Laser Heavy Ion Cannon Cooled Particle Cannon Flak Cannon Advanced Assault Cannon Advanced Assault Cannon Advanced Assault Cannon Advanced Assault Cannon Katana [Rating: 67] Favorites ----------- Power Improved Deuterium Engine Engine Improved Deuterium Engine Reactor Antimatter Reactor Propulsion Light Treads Treads Light Treads Hover Unit Cooled Aerolev Unit Flight Unit Cooled Nuclear Pulse Thruster Utility Seismic Detector Device Seismic Detector Storage Huge Storage Unit Processor Improved Signal Interpreter Protection Improved Light Armor Plating Weapon Advanced Assault Cannon Energy Gun Gatling Laser Energy Cannon Beam Cannon Ballistic Gun Light Assault Rifle Ballistic Cannon Advanced Assault Cannon Launcher Heavy Rocket Launcher Special Weapon Enhanced Flamer Slashing Weapon Katana Piercing Weapon Makeshift Spear Special Melee Weapon Datajack Build | -11 -10 -10 -8 -8 -8 -8 -7 -7 -7 -7 -7 -7 ------- Run | Yrd Mat Sub Mat Gar Mat Gar Fac Was Fac Low Low Dat Slots Evolved 6 | . . . 4 . . . 2 . . . . . Power . | . . . . . . . . . . . . . Propulsion 3 | . . . 3 . . . . . . . . . Utility 3 | . . . 1 . . . 2 . . . . . Weapon . | . . . . . . . . . . . . . Parts Attached 99 | 5 8 7 15 12 1 2 5 9 23 5 3 4 Power 11 | 1 1 1 2 . 1 . . 1 2 1 . 1 Engine 10 | 1 1 1 2 . 1 . . . 2 1 . 1 Core . | . . . . . . . . . . . . . Reactor 1 | . . . . . . . . 1 . . . . Propulsion 31 | 2 1 . 5 7 . 1 . 5 7 2 1 . Treads 29 | 2 1 . 5 7 . 1 . 3 7 2 1 . Leg . | . . . . . . . . . . . . . Wheel . | . . . . . . . . . . . . . Hover 1 | . . . . . . . . 1 . . . . Flight 1 | . . . . . . . . 1 . . . . Utility 31 | 1 4 2 4 3 . . 2 2 9 1 1 2 Device 10 | . 2 1 2 . . . 1 . 3 1 . . Storage 5 | 1 2 . 1 . . . 1 . . . . . Processor 3 | . . . . . . . . . 2 . . 1 Hackware . | . . . . . . . . . . . . . Protection 13 | . . 1 1 3 . . . 2 4 . 1 1 Artifact . | . . . . . . . . . . . . . Weapon 26 | 1 2 4 4 2 . 1 3 1 5 1 1 1 Energy Gun 7 | . 1 1 . 1 . . 2 . 2 . . . Energy Cannon 3 | . 1 1 . . . . . 1 . . . . Ballistic Gun 2 | 1 . 1 . . . . . . . . . . Ballistic Cannon 8 | . . 1 3 1 . . 1 . 1 1 . . Launcher 2 | . . . . . . . . . 2 . . . Special Weapon 1 | . . . 1 . . . . . . . . . Impact Weapon . | . . . . . . . . . . . . . Slashing Weapon 1 | . . . . . . 1 . . . . . . Piercing Weapon 1 | . . . . . . . . . . . 1 . Special Melee Weapon 1 | . . . . . . . . . . . . 1 Unidentified Prototypes 3 | . . . . . . . . 3 . . . . Corrupted Parts 3 | . . . . . . . . . 3 . . . System Corruption 16 | . . . . . . . . . 16 . . . Parts Lost 44 | . 4 2 3 6 . . . . 14 . 3 12 Power 6 | . 1 1 . . . . . . 2 . . 2 Propulsion 17 | . 1 . 2 4 . . . . 4 . 1 5 Utility 14 | . 1 . 1 2 . . . . 5 . 2 3 Weapon 7 | . 1 1 . . . . . . 3 . . 2 Highest Loss Streak 12 | . 2 2 2 3 . . . . 8 . 2 12 To Critical Strikes 1 | . . . . 1 . . . . . . . . Average Backups 17 | 2 7 12 13 14 15 15 17 22 23 23 22 19 Power 1 | . 2 2 1 1 1 1 1 1 2 2 1 . Propulsion 2 | . 1 3 1 1 2 2 4 5 3 2 2 1 Utility 4 | . 1 1 3 6 6 6 4 5 6 6 6 5 Weapon 7 | . 1 4 7 6 6 6 8 10 10 9 9 10 Tool/Special . | . . . . . . . . . . . . . Unused Backups 29 | . . 1 6 1 1 1 . 7 2 1 1 8 Power 3 | . . . 1 . 1 . . . . . 1 . Propulsion 7 | . . . . . . . . 6 . . . 1 Utility 6 | . . . . 1 . 1 . 1 1 . . 2 Weapon 10 | . . 1 4 . . . . . 1 1 . 3 Tool/Special 3 | . . . 1 . . . . . . . . 2 Average Slot Usage (%) 92 | . 96 96 99 98 100 100 99 89 79 88 89 87 Engine 8 | . 14 11 8 9 9 9 7 1 2 7 7 6 Treads 34 | . 27 28 44 43 45 45 38 27 24 38 34 34 Device 11 | . 12 13 17 8 9 9 15 15 12 7 7 6 Storage 9 | . 14 14 9 9 9 9 7 7 7 7 7 7 Processor 2 | . . . . . . . . . 6 7 7 9 Protection 6 | . . . . 9 9 9 14 15 6 7 10 6 Energy Gun 2 | . . . . . . . 9 7 8 . . . Energy Cannon 2 | . 11 13 . . . . . . . . . . Ballistic Gun 2 | . 14 5 . . . . . . . . . . Ballistic Cannon 8 | . . 8 17 17 18 13 1 . 1 11 11 . Peak Build Rating 67 | 5 8 14 28 28 26 26 36 66 67 53 53 48 Average Rating 33 | 4 7 10 21 24 24 25 32 52 57 50 48 43 On Entrance 28 | . 5 8 12 25 24 26 25 35 64 45 53 47 Naked Turns . | . . . . . . . . . . . . . Heaviest Build 129 | 11 30 39 48 48 46 46 108 122 129 129 125 98 Greatest Support 160 | 40 40 40 100 100 100 100 100 160 160 114 114 114 Greatest Overweight (x) 3 | . 1 . . 1 . . 1 1 1 1 1 3 Average Overweight (x) . | . . . . . . . . . . 1 . . Largest Inventory Capacity 25 | 8 15 15 15 15 15 15 25 25 25 25 25 25 Average Capacity 19 | 7 13 15 15 15 15 15 19 25 25 25 25 25 Most Carried 25 | 5 9 15 15 15 15 15 24 25 25 25 25 22 Average Carried 17 | 2 7 12 13 14 14 14 17 24 24 24 24 21 Final Capacity 25 | 8 15 15 15 15 15 15 25 25 25 25 25 25 Final Carried 25 | 5 9 15 15 15 15 15 24 24 24 25 22 20 Class Distribution -------------------- 62% | Scavenger-Mutant 37% | Mutant Dominant Class ---------------- Mutant | -10/Materials Mutant | -10/Subcaves Mutant | -8/Materials Mutant | -8/Garrison Scavenger-Mutant | -8/Materials Scavenger-Mutant | -8/Garrison Scavenger-Mutant | -7/Factory Scavenger-Mutant | -7/Waste Scavenger-Mutant | -7/Factory Scavenger-Mutant | -7/Lower Caves Scavenger-Mutant | -7/Lower Caves Scavenger-Mutant | -7/Data Miner Resources | -11 -10 -10 -8 -8 -8 -8 -7 -7 -7 -7 -7 -7 ----------- Run | Yrd Mat Sub Mat Gar Mat Gar Fac Was Fac Low Low Dat Matter Collected 4268 | 247 186 169 411 968 . 199 70 336 762 578 342 . Remotely . | . . . . . . . . . . . . . Salvage Created 4377 | 42 475 211 389 829 . 180 99 262 1394 140 256 100 Parts 242 | 7 28 15 28 49 . 10 5 3 81 5 9 2 Haulers Intercepted 3 | . 2 . 1 . . . . . . . . . Recyclers Shooed 2 | . 1 . 1 . . . . . . . . . Parts Field Recycled . | . . . . . . . . . . . . . Retrieved Matter . | . . . . . . . . . . . . . Parts Self-Destructed 27 | . . 12 . . . . . . . 6 9 . Prevented . | . . . . . . . . . . . . . Kills | -11 -10 -10 -8 -8 -8 -8 -7 -7 -7 -7 -7 -7 ------- Run | Yrd Mat Sub Mat Gar Mat Gar Fac Was Fac Low Low Dat Combat Hostiles Destroyed 114 | . 14 5 15 28 . 3 2 . 34 5 7 1 Melee 5 | . . . . . . . . . 1 . 3 1 Guns 33 | . 7 2 . 5 . . 2 . 17 . . . Cannons 62 | . 7 3 15 23 . 3 . . 4 5 2 . AOE 12 | . . . . . . . . . 10 . 2 . Classes Destroyed 17 | 1 4 2 3 1 . 1 2 . 2 1 . . Builder 6 | . . . . . . . 1 . 5 . . . Tunneler 2 | 2 . . . . . . . . . . . . Hauler 3 | . 2 . 1 . . . . . . . . . Recycler 2 | . 1 . . . . . . . 1 . . . Mechanic 1 | . . . . . . . . . 1 . . . Operator 1 | . . . 1 . . . . . . . . . Watcher 2 | . . . 1 . . . . . 1 . . . Swarmer 29 | . 9 . 7 9 . . . . 4 . . . Grunt 40 | . 5 1 2 11 . . . . 11 3 7 . Brawler 3 | . . . . 2 . . . . 1 . . . Duelist 1 | . . . 1 . . . . . . . . . Sentry 16 | . . 1 5 6 . . . . 4 . . . Hunter 8 | . . . . . . . 2 . 6 . . . Programmer 10 | . . . . . . 3 . . 6 1 . . Heavy 2 | . . . . . . . . . 2 . . . Enhanced Grunt 1 | . . . . . . . . . . . . 1 Subdweller 3 | . . 3 . . . . . . . . . . Mutant 1 | . . . . . . . . . . 1 . . Best Kill Streak 12 | 1 4 2 9 6 . 3 2 . 12 1 4 1 Combat Bots Only 8 | . 3 2 8 6 . 3 2 . 8 1 4 1 Max Kills in Single Turn 4 | 1 1 1 1 1 . 1 1 . 4 1 2 1 Gunslinging 1 | . . . . . . . . . 1 . . . Exploded 3 | . . . . . . . . . 3 . 2 . Melee 1 | . . . . . . . . . 1 . 1 1 Uniques/NPCs Destroyed . | . . . . . . . . . . . . . Combat | -11 -10 -10 -8 -8 -8 -8 -7 -7 -7 -7 -7 -7 -------- Run | Yrd Mat Sub Mat Gar Mat Gar Fac Was Fac Low Low Dat Hostile Shots Fired 901 | . 124 25 60 155 . 10 44 . 312 42 86 43 Missed 242 | . 37 6 14 50 . 4 14 . 72 17 18 10 Hits 659 | . 87 19 46 105 . 6 30 . 240 25 68 33 Melee 10 | . . . 6 3 . . . . 1 . . . Projectile 649 | . 87 19 40 102 . 6 30 . 239 25 68 33 Critical Strikes 32 | . 1 2 2 5 . . . . 14 3 5 . Part Disruptions 2 | . . . . . . . . . . . . 2 Damage Taken 10102 | . 783 417 619 1114 . 116 234 . 4130 310 936 1443 Core 1084 | . 106 120 76 73 . . 15 . 287 . 79 328 Absorbed by Shields 523 | . . . 25 264 . . . . 53 90 . 91 Reduced by Siege Mode 280 | . . . . . . . . . 280 . . . Regen/Repaired (Parts) 824 | . 209 . . . . . . . 615 . . . Core Remaining (%) 60 | 100 . 9 . . . 72 . . . . . . Volleys Fired 403 | 7 59 21 36 91 . 19 14 6 103 30 17 . Largest 2 | 1 2 2 2 2 . 2 2 2 2 2 2 . Hottest 160 | 20 80 120 140 82 . 80 160 160 160 80 80 . Shots Fired 624 | 7 118 38 68 134 . 30 19 12 130 45 23 . Gun 231 | 7 71 22 5 15 . . 10 12 89 . . . Cannon 372 | . 47 16 55 119 . 30 9 . 31 45 20 . Launcher 13 | . . . . . . . . . 10 . 3 . Special 8 | . . . 8 . . . . . . . . . Kinetic 399 | 7 59 24 55 119 . 30 9 . 31 45 20 . Thermal 166 | . 59 14 13 . . . 10 12 58 . . . Explosive 13 | . . . . . . . . . 10 . 3 . Electromagnetic 46 | . . . . 15 . . . . 31 . . . Robot Hit Streak 32 | 5 11 18 19 13 . 7 8 15 32 7 3 . Robot Miss Streak 12 | 1 4 2 2 12 . 3 2 1 3 2 2 . Penetration Max . | . . . . . . . . . . . . . Secondary Targets 2 | . . . . . . . . . 2 . . . Max Gunslinging Chain 1 | . . . . . . . . . 1 . . . Shots Hit Robots 413 | 6 63 31 48 71 . 12 10 14 101 22 16 19 Core Hits 252 | 4 25 7 20 47 . 5 8 3 103 6 18 6 Critical Kills . | . . . . . . . . . . . . . Critical Parts Destroyed . | . . . . . . . . . . . . . Critical Strikes 12 | . 1 . 3 1 . 1 . . . 3 1 2 Burn 2 | . 1 . 1 . . . . . . . . . Blast 7 | . . . 2 1 . 1 . . . 3 . . Impale 3 | . . . . . . . . . . . 1 2 Melee Attacks 88 | . . . . . . 12 5 2 9 . 12 48 Impact . | . . . . . . . . . . . . . Slashing 28 | . . . . . . 12 5 2 9 . . . Piercing 56 | . . . . . . . . . . . 12 44 Sneak Attacks 4 | . . . . . . . 1 . . . . 3 Combat Hostiles . | . . . . . . . . . . . . . Follow-up Attacks . | . . . . . . . . . . . . . Damage Inflicted 12662 | 52 831 485 1133 1712 . 482 271 507 4861 953 940 435 Guns 3368 | 52 355 202 76 133 . . 206 389 1955 . . . Cannons 5341 | . 469 283 1012 1555 . 290 . . 611 953 168 . Explosions 2615 | . . . . . . . . . 2118 . 497 . Melee 1197 | . . . . . . 192 65 118 149 . 238 435 Ramming 96 | . 7 . . 24 . . . . 28 . 37 . Kinetic 5133 | 52 291 201 1012 1555 . 290 . . 611 953 168 . Thermal 3359 | . 533 284 121 . . . 206 389 1826 . . . Explosive 2291 | . . . . . . . . . 1794 . 497 . Electromagnetic 586 | . . . . 133 . . . . 453 . . . Impact . | . . . . . . . . . . . . . Slashing 524 | . . . . . . 192 65 118 149 . . . Piercing 673 | . . . . . . . . . . . 238 435 Highest Corruption 22 | . . . . . . 1 . . 22 22 22 22 Average Corruption 19 | . . . . . . 1 . . 14 22 22 22 Corruption Purged . | . . . . . . . . . . . . . Corruption Blocked . | . . . . . . . . . . . . . Effects 209 | . . . . . . 5 . . 28 81 81 14 Message Errors 50 | . . . . . . 1 . . 12 17 13 7 Matter Fused 47 | . . . . . . 1 . . 4 22 16 4 Heat Flow Errors 27 | . . . . . . . . . 3 8 16 . Energy Discharges 32 | . . . . . . . . . 2 13 16 1 Parts Rejected 3 | . . . . . . . . . . . 3 . Parts Fused 4 | . . . . . . 1 . . . 2 . 1 Data Loss (minor) 19 | . . . . . . . . . 4 8 7 . Data Loss (major) 5 | . . . . . . . . . . 2 2 1 Misfires 8 | . . . . . . 2 . . 1 3 2 . Alerts 7 | . . . . . . . . . 1 4 2 . Misdirections 4 | . . . . . . . . . . 1 3 . Weapon Failures 3 | . . . . . . . . . 1 1 1 . Overload Shots . | . . . . . . . . . . . . . Overflow Damage 395 | . 2 15 11 . . 20 . 54 136 140 17 . Projectiles 243 | . 2 15 11 . . 20 . . 55 140 . . Explosions 81 | . . . . . . . . . 81 . . . Melee 71 | . . . . . . . . 54 . . 17 . Knockbacks 40 | . . . 11 13 . 2 . . 4 8 2 . Impact . | . . . . . . . . . . . . . Kinetic 36 | . . . 8 13 . 1 . . 4 8 2 . Secondary 4 | . . . 3 . . 1 . . . . . . Self-Inflicted Damage 219 | . . . . . . . . . 219 . . . Shots 6 | . . . . . . . . . 6 . . . Rammed 13 | . 1 . . 7 . . . . 1 . 4 . Targets Rammed 14 | . 1 . . 8 . . . . 1 . 4 . Kicked . | . . . . . . . . . . . . . Crushed 1 | . . . . 1 . . . . . . . . Highest Temperature 394 | . 260 375 222 161 . 117 270 316 394 240 323 . Average Temperature 87 | . 80 148 49 46 . 57 116 188 103 79 101 . Received Heat Transfer 2858 | . 156 688 117 374 . 9 36 . 685 181 612 . Effects 14 | . . 2 3 . . . . . 6 3 . . Shutdowns 2 | . . 1 . . . . . . 1 . . . Interference 10 | . . 1 3 . . . . . 3 3 . . Short Circuit 1 | . . . . . . . . . 1 . . . Damage (minor) 1 | . . . . . . . . . 1 . . . Siege Activations 4 | . . . . . . . . . 4 . . . Total Turns 114 | . . . . . . . . . 114 . . . Longest Duration 76 | . . . . . . . . . 76 . . . Martial Activations . | . . . . . . . . . . . . . Shielding Activations . | . . . . . . . . . . . . . Robots Disrupted . | . . . . . . . . . . . . . Combat Hostiles . | . . . . . . . . . . . . . Robots Corrupted 2 | . . . . . . . . . 2 . . . Combat Hostiles 2 | . . . . . . . . . 2 . . . Parts Fried 6 | . . . . . . . . . 6 . . . Impact Corruptions . | . . . . . . . . . . . . . Robots Melted . | . . . . . . . . . . . . . Combat Hostiles . | . . . . . . . . . . . . . Parts Melted 17 | . 5 . 2 . . . 1 . 9 . . . Heat Transferred 6832 | . 1258 408 580 . . . 450 875 3261 . . . Parts Sabotaged . | . . . . . . . . . . . . . Parts Stolen . | . . . . . . . . . . . . . Parts Stripped . | . . . . . . . . . . . . . Power Chain Reactions 1 | . . . . . . . . . 1 . . . Alert | -11 -10 -10 -8 -8 -8 -8 -7 -7 -7 -7 -7 -7 ------- Run | Yrd Mat Sub Mat Gar Mat Gar Fac Was Fac Low Low Dat Maximum Alert Level 3 | . . . . 3 2 2 1 . 2 . . . Low Security (%) 70 | 100 100 . 100 21 . . 77 100 62 . . . Level 1 7 | . . . . 13 . 31 22 . 3 . . . Level 2 18 | . . . . 40 100 68 . . 33 . . . Level 3 3 | . . . . 24 . . . . . . . . Level 4 . | . . . . . . . . . . . . . Level 5 . | . . . . . . . . . . . . . High Security . | . . . . . . . . . . . . . Max Security . | . . . . . . . . . . . . . Peak Influence 962 | 5 78 . 142 962 468 561 294 1 517 . . . Initial 468 | . . . . . 468 278 294 1 . . . . Average 182 | . 16 . 44 496 450 453 141 . 213 . . . Influence Increases 3815 | 10 403 40 423 1022 . 323 121 . 1072 151 250 . Destroy 0b10 Robot/C 2200 | . 280 40 300 560 . 80 40 . 680 80 140 . Destroy 0b10 Robot/NC 100 | 10 15 . 15 5 . 10 5 . 40 . . . Destroy Leader 390 | . 64 . 74 20 . 10 10 . 172 20 20 . Allied During Kill 20 | . . . . . . 14 . . . 6 . . Successful Hack 122 | . 43 . 24 7 . 14 30 . 4 . . . Disable Machine 120 | . . . . 15 . 60 . . 45 . . . Anti-Garrison Action 350 | . . . . 250 . 100 . . . . . . Destroy Structure 198 | . 1 . 10 45 . 35 6 . 101 . . . Partial Spotted 30 | . . . . 30 . . . . . . . . Lose Combat Pursuer 285 | . . . . 90 . . 30 . 30 45 90 . Influence Decreases 3815 | 10 379 64 422 61 534 190 677 5 577 622 204 70 Entered New Map 1188 | . . 12 . 1 494 150 267 4 . 184 6 70 Time Decay 2318 | 10 360 52 392 . 40 . 410 1 437 438 178 . Lost Part 269 | . 19 . 30 60 . . . . 140 . 20 . Lost Ally 40 | . . . . . . 40 . . . . . . Squads Dispatched 18 | . 4 . 3 . . . 4 . 7 . . . Investigation 5 | . 2 . . . . . 1 . 2 . . . Extermination 3 | . . . . . . . 1 . 2 . . . Reinforcement 7 | . 2 . . . . . 2 . 3 . . . Assault . | . . . . . . . . . . . . . Garrison 3 | . . . 3 . . . . . . . . . Intercept . | . . . . . . . . . . . . . Searches Triggered . | . . . . . . . . . . . . . Construction Impeded . | . . . . . . . . . . . . . Haulers Reinforced . | . . . . . . . . . . . . . Active Scanning Responses . | . . . . . . . . . . . . . Cargo Convoy Interrupts 1 | . . . . . . . . . 1 . . . Stealth | -11 -10 -10 -8 -8 -8 -8 -7 -7 -7 -7 -7 -7 --------- Run | Yrd Mat Sub Mat Gar Mat Gar Fac Was Fac Low Low Dat Distress Signals 6 | . 3 . 1 . . . 1 . 1 . . . Communications Jammed . | . . . . . . . . . . . . . Distress Signals . | . . . . . . . . . . . . . Times Spotted 164 | . 26 6 19 31 . 3 7 . 47 8 13 4 Peak Tracking Total 12 | . 4 2 10 7 1 3 3 . 12 3 5 4 Tactical Retreats 15 | . . . . 3 . . 1 . 2 3 6 . Traps | -11 -10 -10 -8 -8 -8 -8 -7 -7 -7 -7 -7 -7 ------- Run | Yrd Mat Sub Mat Gar Mat Gar Fac Was Fac Low Low Dat Traps Triggered 4 | . 1 . . 2 . . 1 . . . . . Indirectly . | . . . . . . . . . . . . . Trap Hack Attempts . | . . . . . . . . . . . . . Triggered . | . . . . . . . . . . . . . Disarmed . | . . . . . . . . . . . . . Reprogrammed . | . . . . . . . . . . . . . Reused . | . . . . . . . . . . . . . Traps Extracted . | . . . . . . . . . . . . . Installed . | . . . . . . . . . . . . . Triggered . | . . . . . . . . . . . . . Machines | -11 -10 -10 -8 -8 -8 -8 -7 -7 -7 -7 -7 -7 ---------- Run | Yrd Mat Sub Mat Gar Mat Gar Fac Was Fac Low Low Dat Machines Disabled 14 | . . . . 4 . 6 . . 3 1 . . Max in Single Turn 1 | . . . . 1 . 1 . . 1 1 . . Garrison Relay 5 | . . . . 3 . 2 . . . . . . Machines Repaired . | . . . . . . . . . . . . . Machines Dismantled . | . . . . . . . . . . . . . Machines Sabotaged . | . . . . . . . . . . . . . Overloaded Fab Kills . | . . . . . . . . . . . . . Hacking | -11 -10 -10 -8 -8 -8 -8 -7 -7 -7 -7 -7 -7 --------- Run | Yrd Mat Sub Mat Gar Mat Gar Fac Was Fac Low Low Dat Machines Accessed 35 | . 8 1 7 2 1 1 4 . 6 . 1 4 Terminals 18 | . 5 . 5 2 . 1 3 . 2 . . . Fabricators 1 | . . . . . . . . . 1 . . . Repair Stations 4 | . 1 . . . . . 1 . 2 . . . Recycling Units 3 | . 2 . . . . . . . 1 . . . Scanalyzers 1 | . . . 1 . . . . . . . . . Garrison Access 2 | . . . 1 . 1 . . . . . . . Total Hacks 123 | . 25 5 23 5 1 3 10 . 18 . 1 32 Successful 87 | . 16 5 16 1 1 1 5 . 9 . 1 32 Failed 36 | . 9 . 7 4 . 2 5 . 9 . . . Catastrophic 6 | . 2 . . 1 . . 1 . 2 . . . Database Lockouts . | . . . . . . . . . . . . . Manual 42 | . 14 . 15 1 . . 8 . 4 . . . Terminals 58 | . 17 . 20 5 . 3 9 . 4 . . . Fabricators 3 | . . . . . . . . . 3 . . . Repair Stations 14 | . 4 . . . . . 1 . 9 . . . Recycling Units 6 | . 4 . . . . . . . 2 . . . Scanalyzers 2 | . . . 2 . . . . . . . . . Garrison Access 2 | . . . 1 . 1 . . . . . . . Terminal Hacks 54 | . 5 5 6 1 . 1 3 . . . 1 32 Record 16 | . . 5 . . . . . . . . . 11 Part Schematic 12 | . . . . . . . . . . . . 12 Robot Schematic 6 | . . . . . . . . . . . . 6 Robot Analysis 2 | . 1 . 1 . . . . . . . . . Prototype ID Bank 6 | . 1 . 1 . . . 1 . . . . 3 Open Door 2 | . . . . 1 . . . . . . 1 . Branch Access Points 2 | . . . 1 . . . 1 . . . . . Terminal Index 1 | . . . . . . . 1 . . . . . Locate Traps 2 | . 1 . 1 . . . . . . . . . Hauler Manifests 1 | . . . 1 . . . . . . . . . Registered Components 1 | . 1 . . . . . . . . . . . Zone Layout 2 | . 1 . 1 . . . . . . . . . Garrison Registry 1 | . . . . . . 1 . . . . . . Fabricator Hacks 3 | . . . . . . . . . 3 . . . Network Status 1 | . . . . . . . . . 1 . . . Load Schematic 1 | . . . . . . . . . 1 . . . Build 1 | . . . . . . . . . 1 . . . Repair Station Hacks 10 | . 4 . . . . . . . 6 . . . Scan Component 5 | . 2 . . . . . . . 3 . . . Repair 5 | . 2 . . . . . . . 3 . . . Recycling Unit Hacks . | . . . . . . . . . . . . . Scanalyzer 2 | . . . 2 . . . . . . . . . Insert Component 1 | . . . 1 . . . . . . . . . Analyze 1 | . . . 1 . . . . . . . . . Garrison Access Hacks 2 | . . . 1 . 1 . . . . . . . Unlock Access 2 | . . . 1 . 1 . . . . . . . Unauthorized Hacks 16 | . 7 . 7 . . . 2 . . . . . Terminals 16 | . 7 . 7 . . . 2 . . . . . Botnet 4 | . 1 . 2 . . . 1 . . . . . Operators 1 | . 1 . . . . . . . . . . . Skim 11 | . 5 . 5 . . . 1 . . . . . Fabricators . | . . . . . . . . . . . . . Repair Stations . | . . . . . . . . . . . . . Recycling Units . | . . . . . . . . . . . . . Scanalyzers . | . . . . . . . . . . . . . Garrison Access . | . . . . . . . . . . . . . Data Cores Recovered . | . . . . . . . . . . . . . Used . | . . . . . . . . . . . . . Hacking Detections 27 | . 8 . 5 2 1 1 4 . 6 . . . Full Trace Events 5 | . 2 . . . . . 1 . 2 . . . Feedback Events . | . . . . . . . . . . . . . Feedback Blocked . | . . . . . . . . . . . . . Robot Schematics Acquired 6 | . . . . . . . . . . . . 6 Robots Built . | . . . . . . . . . . . . . Authchips . | . . . . . . . . . . . . . Time . | . . . . . . . . . . . . . Total Robot Build Rating . | . . . . . . . . . . . . . Part Schematics Acquired 13 | . . . 1 . . . . . . . . 12 Parts Built 2 | . . . . . . . . . 2 . . . Authchips . | . . . . . . . . . . . . . Time 62 | . . . . . . . . . 62 . . . Total Part Build Rating 4 | . . . . . . . . . 4 . . . Parts Repaired 5 | . 2 . . . . . . . 3 . . . Time 226 | . 52 . . . . . . . 174 . . . Parts Recycled . | . . . . . . . . . . . . . Recycled Matter . | . . . . . . . . . . . . . Retrieved Matter . | . . . . . . . . . . . . . Retrieved Components . | . . . . . . . . . . . . . Parts Scanalyzed 1 | . . . 1 . . . . . . . . . Part Schematics Acquired 1 | . . . 1 . . . . . . . . . Parts Damaged 1 | . . . 1 . . . . . . . . . Bothacking | -11 -10 -10 -8 -8 -8 -8 -7 -7 -7 -7 -7 -7 ------------ Run | Yrd Mat Sub Mat Gar Mat Gar Fac Was Fac Low Low Dat Used RIF Installer . | . . . . . . . . . . . . . Robots Hacked 2 | . . . . . . . . . . . . 2 Non-combat . | . . . . . . . . . . . . . Combat 2 | . . . . . . . . . . . . 2 Robot Hacks Applied 4 | . . . . . . . . . . . . 4 parse_system 4 | . . . . . . . . . . . . 4 Relay Couplers Released 19 | . . . . 11 . 8 . . . . . . Machine Destruction 19 | . . . . 11 . 8 . . . . . . Fabnet Peak Effective % . | . . . . . . . . . . . . . Robots Rewired 5 | . . . . 2 . . . . . 3 . . Allies Hacked 2 | . . . . . . 2 . . . . . . Hacks Repelled . | . . . . . . . . . . . . . Allies | -11 -10 -10 -8 -8 -8 -8 -7 -7 -7 -7 -7 -7 -------- Run | Yrd Mat Sub Mat Gar Mat Gar Fac Was Fac Low Low Dat Total Allies 5 | . . . . 2 . . . . . 3 . . Largest Group 3 | . . . . 2 2 2 . . . 3 3 . Highest-Rated Group 70 | . . . . 70 70 70 . . . 48 48 . Highest-Rated Ally 39 | . . . . 39 39 39 . . . 16 16 . Initial Warlord ECA Mod 62 | . . . . . 7 7 8 8 8 8 8 8 Total Orders . | . . . . . . . . . . . . . Ally Attacks 33 | . . . . . . 17 . . . . 16 . Total Damage 400 | . . . . . . 204 . . . . 196 . Kills 1 | . . . . . . 1 . . . . . . Allies Corrupted . | . . . . . . . . . . . . . Allies Melted . | . . . . . . . . . . . . . Intel | -11 -10 -10 -8 -8 -8 -8 -7 -7 -7 -7 -7 -7 ------- Run | Yrd Mat Sub Mat Gar Mat Gar Fac Was Fac Low Low Dat Active Infowar (turns) 12054 | . 1770 875 1333 1080 88 566 982 526 977 1616 1991 250 Sensors 4133 | . . . . . . . . . 276 1616 1991 250 Terrain 3601 | . . 72 1327 . . . 982 526 694 . . . Seismic 7686 | . 1770 803 1277 1080 88 566 970 498 634 . . . Robot Analysis Total 153 | . 1 . 1 . . . . . . . . 151 Derelict Logs Recovered 2 | . . . . . . . . . . 1 1 . Drone Launches . | . . . . . . . . . . . . . Drone Recoveries . | . . . . . . . . . . . . . Exploration | -11 -10 -10 -8 -8 -8 -8 -7 -7 -7 -7 -7 -7 ------------- Run | Yrd Mat Sub Mat Gar Mat Gar Fac Was Fac Low Low Dat Turns Passed 13384 | 122 1910 912 1375 1389 88 566 982 526 1529 1680 1991 314 Spaces Moved 5265 | 62 622 451 545 650 52 291 444 262 583 614 575 114 Core 3 | 3 . . . . . . . . . . . . Treads 5262 | 59 622 451 545 650 52 291 444 262 583 614 575 114 Legs . | . . . . . . . . . . . . . Wheels . | . . . . . . . . . . . . . Hover . | . . . . . . . . . . . . . Flight . | . . . . . . . . . . . . . Fastest Speed 50 | 50 160 160 160 160 160 160 160 160 160 244 164 164 Average Speed 183 | 154 162 160 160 160 160 160 192 179 172 244 235 166 Slowest Speed 400 | 160 240 160 160 240 160 160 240 240 246 244 245 400 Overloaded Moves . | . . . . . . . . . . . . . Propulsion Burnouts . | . . . . . . . . . . . . . Robots Hopped . | . . . . . . . . . . . . . Potential Cave-ins . | . . . . . . . . . . . . . Cave-ins Triggered . | . . . . . . . . . . . . . Exploration Rate (%) 47 | 4 90 18 37 63 9 46 12 94 15 76 70 78 Regions Visited 12 Branch Regions 4 Pre-discovered Areas 34 | . 1 . 1 . . . . . . 1 . 31 Known Exits Taken 7 | . 1 1 1 . 1 . . . 1 1 1 . Unknown Exits Taken 1 | 1 . . . . . . . . . . . . Scrap Searched 11 | . . 6 . . . . . . . 4 1 . Spaces Dug 25 | . . . 1 . . . 6 . 11 4 3 . Terrain Destroyed 190 | . . . 9 . . . 6 . 128 15 32 . Melee 7 | . . . . . . . 4 . 3 . . . Projectile 50 | . . . 9 . . . 2 . 18 15 6 . AOE 133 | . . . . . . . . . 107 . 26 . Terrain Rammed . | . . . . . . . . . . . . . Walls Destroyed . | . . . . . . . . . . . . . Machines Disabled . | . . . . . . . . . . . . . Actions | -11 -10 -10 -8 -8 -8 -8 -7 -7 -7 -7 -7 -7 --------- Run | Yrd Mat Sub Mat Gar Mat Gar Fac Was Fac Low Low Dat Total 8220 | 80 1414 605 976 849 59 345 543 308 930 749 1172 190 Wait 2042 | 2 706 106 341 51 1 17 52 4 147 40 552 23 Move 5256 | 61 621 450 545 649 52 290 444 261 582 613 574 114 Hop . | . . . . . . . . . . . . . Pick Up 97 | 5 9 10 16 6 2 1 12 5 22 6 3 . Fast Attach 26 | 5 3 1 1 3 . . . 3 5 3 1 1 Attach 51 | . 8 3 8 3 . . 2 2 16 2 5 2 Detach 12 | . 3 2 2 . . . . 2 3 . . . Swap 112 | . 2 9 13 24 1 4 10 6 32 6 3 2 Drop 68 | . 2 3 14 5 3 2 2 15 10 11 1 . Fire 403 | 7 59 21 36 91 . 19 14 6 103 30 17 . Melee 88 | . . . . . . 12 5 2 9 . 12 48 Ram . | . . . . . . . . . . . . . Kick . | . . . . . . . . . . . . . Crush 14 | . 1 . . 8 . . . . 1 . 4 . Escape Stasis . | . . . . . . . . . . . . . Rewire 51 | . . . . 9 . . 2 2 . 38 . . Trap . | . . . . . . . . . . . . . Miscellaneous . | . . . . . . . . . . . . . Route ------- -11/Scrapyard -10/Materials (discovered 6 exits: [*Mat x3] / [*Min x2] / *Sub) -10/Subcaves (discovered 2 exits: *Mat / Rec) -8/Materials (discovered 4 exits: Fac x3 / Gar) -8/Garrison (discovered 3 exits: *Fac x2 / *Mat) -8/Materials -8/Garrison (discovered 3 exits: *Fac x3) -7/Factory (discovered 2 exits: Low x2) -7/Waste -7/Factory -7/Lower Caves -7/Lower Caves (discovered 2 exits: *Fac / *Dat) -7/Data Miner (discovered 1 exit: [*Pro]) History --------- Turn | Location | Event 4 | -11/Scrapyard | Discovered new exit (range 15) 123 | -11/Scrapyard | Entered Materials 326 | -10/Materials | Discovered new exit (range 16) 328 | -10/Materials | Build established: Mutant 639 | -10/Materials | Discovered new exit (range 11) 761 | -10/Materials | Discovered new exit (range 15) 895 | -10/Materials | Discovered new exit (range 10) 962 | -10/Materials | Repaired Lgt. Treads 989 | -10/Materials | Repaired Lgt. Treads 1187 | -10/Materials | Discovered new exit (range 15) 1776 | -10/Materials | Learned 4 Recycling zone layouts 1816 | -10/Materials | Learned 2 Mines zone layouts 1844 | -10/Materials | Learned 2 Mines zone layouts 1860 | -10/Materials | Identified exit to Subcaves 1886 | -10/Materials | Learned location of 2 exits from Subcaves 2033 | -10/Materials | Entered Subcaves 2034 | -10/Subcaves | Approached by a straggling Scientist 2034 | -10/Subcaves | Identified exit to Materials 2034 | -10/Subcaves | Identified exit to Recycling 2313 | -10/Subcaves | Core integrity fell below 50% 2700 | -10/Subcaves | Core integrity fell below 20% 2933 | -10/Subcaves | Visited Clippyterm 2939 | -10/Subcaves | Learned Factory trap positions 2939 | -10/Subcaves | Learned Factory stockpile data 2945 | -10/Subcaves | Entered Materials 2945 | -8/Materials | Evolved 4 slots: Propulsion x3, Utility x1 3008 | -8/Materials | Garrison activated, responded to threat 3050 | -8/Materials | Destroyed 8 combat bots 3242 | -8/Materials | Build established: Scavenger-Mutant 3569 | -8/Materials | Build established: Mutant 3991 | -8/Materials | Learned Storage security intel 4047 | -8/Materials | Identified exit to Factory 4127 | -8/Materials | Learned 2 Storage zone layouts 4155 | -8/Materials | Learned 4 Recycling zone layouts 4172 | -8/Materials | Learned location of 1 exit from Lower Caves 4198 | -8/Materials | Learned 2 Lower Caves zone layouts 4320 | -8/Materials | Identified exit to Garrison 4320 | -8/Materials | Entered Garrison 4372 | -8/Garrison | Triggered checkpoint 4462 | -8/Garrison | Garrison Relay disabled 4664 | -8/Garrison | Triggered checkpoint 4780 | -8/Garrison | Triggered checkpoint 4814 | -8/Garrison | Garrison Relay disabled 4900 | -8/Garrison | Discovered exit to Factory (range 8) 4932 | -8/Garrison | Triggered checkpoint 5023 | -8/Garrison | Discovered new exit (range 6) 5154 | -8/Garrison | Triggered checkpoint 5162 | -8/Garrison | Triggered checkpoint 5204 | -8/Garrison | Lost 3 parts (3n) 5302 | -8/Garrison | Triggered checkpoint 5378 | -8/Garrison | Triggered checkpoint 5493 | -8/Garrison | Garrison Relay disabled 5536 | -8/Garrison | Discovered exit to Factory (range 12) 5608 | -8/Garrison | Build established: Scavenger-Mutant 5709 | -8/Garrison | Entered Materials 5709 | -8/Materials | Accompanied by 2 allies 5797 | -8/Materials | Identified exit to Garrison 5797 | -8/Materials | Entered Garrison 5797 | -8/Garrison | Accompanied by 2 allies 5976 | -8/Garrison | Garrison Relay disabled 5992 | -8/Garrison | Discovered exit to Factory (range 63) 5992 | -8/Garrison | Discovered exit to Factory (range 58) 5992 | -8/Garrison | Discovered exit to Factory (range 78) 6097 | -8/Garrison | Triggered checkpoint 6145 | -8/Garrison | Triggered checkpoint 6215 | -8/Garrison | Garrison Relay disabled 6249 | -8/Garrison | Triggered checkpoint 6363 | -8/Garrison | Entered Factory 6363 | -7/Factory | Evolved 2 slots: Utility x2 6364 | -7/Factory | Loaded intel: 94 trap records 7045 | -7/Factory | Identified exit to Lower Caves 7345 | -7/Factory | Sucked down chute 7345 | -7/Factory | Entered Waste 7345 | -7/Waste | The area was eerily silent 7620 | -7/Waste | Found Damper Plating 7747 | -7/Waste | Discovered new exit (range 16) 7871 | -7/Waste | Entered Factory 8086 | -7/Factory | Fabricated Plasma Cutter (x2) 8463 | -7/Factory | Repaired Hvy. Treads 8527 | -7/Factory | Repaired Lrn. Sensor Array 8584 | -7/Factory | Repaired Hvy. Treads? 8804 | -7/Factory | Cargo convoy interrupted 8857 | -7/Factory | Destroyed 8 combat bots 8887 | -7/Factory | Lost 8 parts (1p2n3u2w) 8938 | -7/Factory | System corruption reached 10% 9252 | -7/Factory | Discovered exit to Lower Caves (range 12) 9318 | -7/Factory | Specialist reinforcements revealed to be Infiltrators 9400 | -7/Factory | Entered Lower Caves 9401 | -7/Lower Caves | Identified exit to Lower Caves 9486 | -7/Lower Caves | Met a Warlord Commander 9487 | -7/Lower Caves | Learned location of Warlord (-4) 9488 | -7/Lower Caves | Warlord Commander delivered Encrypted Comm Array 9497 | -7/Lower Caves | Found Encrypted Comm Array 10299 | -7/Lower Caves | Learned 4 Factory zone layouts 10360 | -7/Lower Caves | Found DCF Scrap (12 items) 10700 | -7/Lower Caves | Attacked by a delusional Derelict stockpiling Unaware 11080 | -7/Lower Caves | Entered another Lower Caves area 11080 | -7/Lower Caves | Accompanied by 3 allies 11101 | -7/Lower Caves | Discovered new exit (range 8) 11111 | -7/Lower Caves | Learned 4 Factory zone layouts 11118 | -7/Lower Caves | Identified exit to Factory 11121 | -7/Lower Caves | Spotted B-75 Beast 12569 | -7/Lower Caves | Discovered new exit (range 11) 12601 | -7/Lower Caves | Identified exit to Data Miner 12968 | -7/Lower Caves | Core integrity fell below 50% 13071 | -7/Lower Caves | Entered Data Miner 13073 | -7/Data Miner | Discovered new exit (range 6) 13104 | -7/Data Miner | Met Data Miner 13155 | -7/Data Miner | Learned location of Section 7 (-3) 13155 | -7/Data Miner | Acquired the access code to Warlord's prototype stash 13178 | -7/Data Miner | Received God Mode back door access code from Data Miner 13235 | -7/Data Miner | Interfaced with the Data Conduit 13383 | -7/Data Miner | Core integrity fell below 20% 13385 | -7/Data Miner | Destroyed by Enhanced Grunt with Neutron Cannon Last Messages --------------- 13333_ Q5B=HHKT|B2Z7WHXK56 0Q,#WZ31KMSVFF#Z= 13344_ Datajack destroyed. 13344_ Insulated Plating destroyed. 13345_ Imp. Treads destroyed. 13347_ Imp. Deuterium Engine destroyed. 13352_ System corrupted: Matter fused (-5). 13357_ Force Field destroyed. 13360_ Arm. Treads destroyed. 13361_ Enhanced Grunt suffers critical hit (Impale). 13361_ Enhanced Grunt destroyed. 13368_ Acquired Lyr. Medium Armor Plating. 13368_ Med. Treads destroyed. 13373_ System corrupted: Matter fused (-6). 13373_ Imp. Treads destroyed. 13374_ Imp. Deuterium Engine destroyed. 13377_ Enhanced Grunt suffers critical hit (Impale). 13380_ Lyr. Medium Armor Plating destroyed. 13385_ Mak. Spear destroyed. Map ----- +----------------------------------------------------+ | | | | | | | | | | | | | | | | | | | | | | | | | | | | | | | | | | | | | ??????????????????????????????????? | | ??????????????????????????????????? | | ??????????????????????????????????? | | ????????????##????????????????????? | | ???????????# #????????????????????? | | ????#######;;########?????????????? | | ???##" " "%! """"""######????????# | | ??##" " "g@ g """"""""########## | | ??#" """"" "" | | ??# """""" | | ??#" """"" | | ??# """"" | | ??#" """g" | | ??# """ "" """"""""""" | | ??#" " """" """"######### | | ??##" """"" """""###???????? | | ???##"""""""" "#####?????????? | | ????########"## "#?????????????? | | ???????????#"### "#?????????????? | | ???????????#"### "#?????????????? | | ???????????#"## "#?????????????? | | ???????????#?## "#?????????????? | | ?????????????# "#?????????????? | | ?????????????### "#?????????????? | | ???????????????# "##????????????? | | ??????????????## ""#????????????? | | ???????????#?## ""#????????????? | | ??????????##"#"X ""#????????????? | | ??????????""""" "####?????????? | | ??????????""""" X"""""?????????? | | ??????????##"#"X "##"#?????????? | | ???????????#?## X""""#?????????? | +----------------------------------------------------+ Best States ------------- Heat Dissipation 53 Energy Generation 21 Energy Capacity 325 Matter Stores 300 Matter Capacity 300 Sight Range 16 Robot Scan Range 18 Terrain Scan Range 16 Terrain Scan Density 210 Armor Coverage 900 Resistance: EM 15 Evasion (%) 40 Core Analysis 6 Recoil Reduction 5 Item Schematics ----------------- Plasma Cutter | -8/Materials | Scanalyzed Combat Drone Bay | -7/Data Miner | Free Lgt. Regenerative Plating | -7/Data Miner | Free Biomechanical Wings | -7/Data Miner | Free Gravity Neutralizer | -7/Data Miner | Free Com. Ion Cannon | -7/Data Miner | Free Field Propulsion Drive | -7/Data Miner | Free Adv. Drone Bay | -7/Data Miner | Free Adv. Plasma Cannon | -7/Data Miner | Free Imp. Hacking Suite | -7/Data Miner | Free Adv. System Shield | -7/Data Miner | Free Imp. Arc Projector | -7/Data Miner | Free Adv. Medium Treads | -7/Data Miner | Free Robot Schematics ------------------ H-66 Slayer | -7/Data Miner | Free G-47 Trooper | -7/Data Miner | Free B-48 Gladiator | -7/Data Miner | Free M-22 Extractor | -7/Data Miner | Free A-15 Conveyor | -7/Data Miner | Free G-50 Soldier | -7/Data Miner | Free Fabricated ------------ Plasma Cutter | x2 | -7/Factory Repaired ---------- Lgt. Treads | 6% | -10/Materials Lgt. Treads | 44% | -10/Materials Hvy. Treads | 23% | -7/Factory Lrn. Sensor Array | 14% | -7/Factory Hvy. Treads | 57% | -7/Factory Alien Tech Used ----------------- None Achievements -------------- None Challenges ------------ None Game ------ Seed HackingShrapnelDoomcannon Manual? 0 Play Time 01:17:27 Cumulative 504.0 hours Start 2025.07.01 @ 19:13:16 End 2025.07.01 @ 22:52:17 Sessions 1 Manual Loads 0 Difficulty Rogue Special Mode None Game No. 268 Rogue 205 Adventurer 63 Explorer 0 Win Type - Total 9 Types 8/0/0/1/0/0/0/0/0/0 Lore% 90 Gallery% 81 Achievement% 67 Wizard Run 0 Options --------- Layout 2 ASCII 0 Keyboard 1 Movement Numpad Keybinds 0 Fullscreen 2 Font 24/Terminus Map View 50x44 Zoom Use 0% Tactical HUD 1 Map Filters NONE Filters NONE Steam 1 RUN: 1d1157e5-11ac-4980-9cc6-c64d981376d5